[Event "Titled Tuesday Blitz July 4 Late 2023"]
[White "Arnold, Ken"]
[Black "Cueto, Jonny"]
[WhiteFideId "2056836"]
[BlackFideId "3300145"]
[WhiteElo "2397"]
[BlackElo "2191"]
[Result "1-0"]
[Round "3"]
[TimeControl "180+2"]
[Date "2023.07.04"]
[WhiteClock "0:01:34"]
[BlackClock "0:00:00"]
[Board "170"]

1. e4 e6 2. Nf3 d5 3. Nc3 Nf6 4. exd5 exd5 5. d4 h6 6. Bd3 Bd6 7. h3 O-O 8. O-O Nc6 9. Be3 Re8 10. Re1 Ne7 11. Nb5 Bb4 12. c3 Ba5 13. b4 Bb6 14. a4 c6 15. a5 cxb5 16. axb6 Qxb6 17. Ne5 Bf5 18. Bf1 Ng6 19. g4 Nxe5 20. dxe5 Qc7 21. exf6 Bg6 22. Bd4 a6 23. Qd2 Qd7 24. fxg7 f5 25. Qxh6 Bh7 26. g5 Qf7 27. h4 f4 28. h5 Qf5 29. g6 Qg4+ 30. Bg2 Bxg6 31. hxg6 1-0


[Site "https://www.chess.com"]

[Event "Titled Tuesday Blitz July 4 Late 2023"]
[White "Janturin, Artur"]
[Black "Djordjevic, Dejan N"]
[WhiteFideId "4130022"]
[BlackFideId "913316"]
[WhiteElo "2396"]
[BlackElo "2172"]
[Result "1-0"]
[Round "3"]
[TimeControl "180+2"]
[Date "2023.07.04"]
[WhiteClock "0:00:48"]
[BlackClock "0:00:00"]
[Board "171"]

1. e4 c5 2. Nf3 Nc6 3. d4 cxd4 4. Nxd4 Nf6 5. Nc3 Qb6 6. Nb3 e6 7. Be3 Qc7 8. a3 a6 9. g4 d6 10. g5 Nd7 11. Bg2 b5 12. Qe2 Rb8 13. f4 Be7 14. h4 b4 15. axb4 Nxb4 16. O-O Nb6 17. Nd4 Nc4 18. Bc1 h6 19. b3 Nb6 20. Bb2 hxg5 21. hxg5 g6 22. Rae1 e5 23. Nd5 N6xd5 24. exd5 exd4 25. Bxd4 Rh7 26. Bf6 Rb7 27. Bxe7 Qxe7 28. Qc4 Bd7 29. Rxe7+ Kxe7 30. Re1+ Kd8 31. c3 Nc2 32. Rc1 Ne3 33. Qxa6 Bc8 34. Qxd6+ Rd7 35. Qb6+ 1-0


[Site "https://www.chess.com"]

[Event "Titled Tuesday Blitz July 4 Late 2023"]
[White "Gabdushev, Ruslan"]
[Black "Hartikainen, Jarmo"]
[WhiteFideId "4137833"]
[BlackFideId "503134"]
[WhiteElo "2384"]
[BlackElo "2166"]
[Result "1-0"]
[Round "3"]
[TimeControl "180+2"]
[Date "2023.07.04"]
[WhiteClock "0:02:04"]
[BlackClock "0:00:57"]
[Board "172"]

1. Nf3 Nf6 2. g3 g6 3. Bg2 Bg7 4. O-O O-O 5. d3 d5 6. Nbd2 Nbd7 7. e4 e5 8. Re1 Re8 9. a4 c6 10. a5 d4 11. Nc4 c5 12. c3 Qc7 13. Nh4 Rb8 14. f4 Nh5 15. Bf3 b5 16. axb6 Qxb6 17. Nxb6 1-0


[Site "https://www.chess.com"]

[Event "Titled Tuesday Blitz July 4 Late 2023"]
[White "Vila Dupla, Aurelio"]
[Black "Gombocz, Ferenc Jr."]
[WhiteFideId "2203383"]
[BlackFideId "775029"]
[WhiteElo "2159"]
[BlackElo "2380"]
[Result "0-1"]
[Round "3"]
[TimeControl "180+2"]
[Date "2023.07.04"]
[WhiteClock "0:01:03"]
[BlackClock "0:01:35"]
[Board "173"]

1. Nf3 d5 2. d4 Nf6 3. c4 c6 4. cxd5 cxd5 5. Nc3 a6 6. Bf4 Nc6 7. e3 Qb6 8. a3 Bf5 9. Na4 Qd8 10. Bd3 Bxd3 11. Qxd3 e6 12. O-O Bd6 13. Bxd6 Qxd6 14. b4 O-O 15. Rfc1 Ne4 16. Nc5 Nxc5 17. bxc5 Qc7 18. Rcb1 Rab8 19. Rb6 e5 20. Qc3 e4 21. Nd2 f5 22. Qb3 Qf7 23. Rb1 Na5 24. Qb4 Nc4 25. Nxc4 dxc4 26. Rxb7 Rxb7 27. Qxb7 Qxb7 28. Rxb7 c3 29. Rb3 c2 30. Rc3 Rb8 31. g3 Rb1+ 32. Kg2 c1=Q 33. Rxc1 Rxc1 0-1


[Site "https://www.chess.com"]

[Event "Titled Tuesday Blitz July 4 Late 2023"]
[White "Oliveira, Tiago Batista"]
[Black "Duarte, Leonardo"]
[WhiteFideId "2108291"]
[BlackFideId "110582"]
[WhiteElo "2156"]
[BlackElo "2378"]
[Result "0-1"]
[Round "3"]
[TimeControl "180+2"]
[Date "2023.07.04"]
[WhiteClock "0:00:00"]
[BlackClock "0:01:02"]
[Board "174"]

1. d4 Nf6 2. c4 g6 3. Nc3 Bg7 4. e4 d6 5. Nf3 O-O 6. Be2 Nc6 7. Be3 Ng4 8. Bg5 h6 9. Bh4 g5 10. Bg3 Nf6 11. d5 Nb8 12. h4 g4 13. Nd4 h5 14. f4 c5 15. Nc2 Nfd7 16. Qd2 Na6 17. O-O-O Nb4 18. Nxb4 cxb4 19. Nb1 Nc5 20. Qc2 Qa5 21. Be1 Qxa2 22. Bxb4 Nxe4 23. Nc3 Qa1+ 24. Qb1 Qxb1+ 25. Kxb1 Nf2 26. Rhf1 Nxd1 27. Bxd1 Bf5+ 28. Bc2 Bxc2+ 29. Kxc2 Rfc8 30. Kd3 a6 31. b3 b5 32. Ne4 bxc4+ 33. bxc4 Rab8 34. Bc3 Rb3 35. Ra1 f5 0-1


[Site "https://www.chess.com"]

[Event "Titled Tuesday Blitz July 4 Late 2023"]
[White "Romero Arzuaga, Yudel"]
[Black "campochess"]
[WhiteFideId "3521010"]
[WhiteElo "2373"]
[BlackElo "2123"]
[Result "0-1"]
[Round "3"]
[TimeControl "180+2"]
[Date "2023.07.04"]
[WhiteClock "0:00:00"]
[BlackClock "0:00:20"]
[Board "175"]

1. d4 Nf6 2. Nf3 g6 3. c4 Bg7 4. Nc3 d5 5. e3 c6 6. Be2 O-O 7. O-O Nbd7 8. Bd2 Re8 9. c5 e5 10. b4 e4 11. Ne1 Nf8 12. a4 a5 13. b5 Ne6 14. Nc2 Nc7 15. Rb1 Bd7 16. Na1 h6 17. Nb3 Nh7 18. b6 Ne6 19. Na2 f5 20. Nxa5 Qc8 21. Nxb7 Qxb7 22. a5 Bc8 23. Qa4 g5 24. Nb4 Nd8 25. a6 Qd7 26. b7 Bxb7 27. axb7 Rxa4 28. b8=Q Ne6 29. Qd6 Qxd6 30. cxd6 Rd8 31. Nxc6 Rxd6 32. Bb5 Ra2 33. Bb4 Bf8 34. Bxd6 Bxd6 35. Nb4 Bxb4 36. Rxb4 f4 37. Bc6 Nf6 38. Rb6 Kf7 39. h3 h5 40. Rfb1 g4 41. R6b2 Ra3 42. Rb7+ Kg6 43. Re7 Ng5 44. hxg4 hxg4 45. Rbb7 fxe3 46. fxe3 Rxe3 47. Rg7+ Kh6 48. Kf2 Rc3 49. Bd7 g3+ 50. Ke2 Rc2+ 51. Kd1 Rxg2 52. Bf5 Rf2 0-1


[Site "https://www.chess.com"]

[Event "Titled Tuesday Blitz July 4 Late 2023"]
[White "Cardenas Carbajal, Nilson"]
[Black "Prieto Aranguren, Alain"]
[WhiteFideId "8401128"]
[BlackFideId "2268906"]
[WhiteElo "2108"]
[BlackElo "2372"]
[Result "0-1"]
[Round "3"]
[TimeControl "180+2"]
[Date "2023.07.04"]
[WhiteClock "0:00:08"]
[BlackClock "0:00:47"]
[Board "176"]

1. e4 c6 2. d4 d5 3. Nd2 dxe4 4. Nxe4 Bf5 5. Ng3 Bg6 6. Nf3 Nd7 7. Bd3 Ngf6 8. O-O e6 9. Re1 Be7 10. c4 O-O 11. b3 a5 12. Bb2 a4 13. Bxg6 hxg6 14. Qd3 axb3 15. axb3 Rxa1 16. Rxa1 c5 17. d5 exd5 18. cxd5 Nb6 19. Bxf6 Bxf6 20. Rd1 Re8 21. d6 Qd7 22. Ne4 Qc6 23. Nxf6+ gxf6 24. Nh4 Kg7 25. Qg3 Re5 26. f4 Rd5 27. Rxd5 Qxd5 28. h3 Nc8 29. d7 Qxd7 30. f5 Qd4+ 31. Kh2 g5 32. Nf3 Qf4 33. Qxf4 gxf4 34. Kg1 Nd6 35. Nh4 Kh6 36. Kf2 Kg5 37. Nf3+ Kxf5 38. Nd2 b5 39. Kf3 c4 40. bxc4 bxc4 41. g4+ fxg3 42. Kxg3 c3 43. Nf3 Nb5 44. Ne1 Nd4 45. Nd3 c2 46. h4 Ne2+ 47. Kf3 c1=Q 48. Nxc1 Nxc1 49. h5 Kg5 50. h6 Kxh6 0-1


[Site "https://www.chess.com"]

[Event "Titled Tuesday Blitz July 4 Late 2023"]
[White "Fernandez Siles, Luis"]
[Black "Fernandez Bustamante, Leancy B."]
[WhiteFideId "2209420"]
[BlackFideId "3523870"]
[WhiteElo "2364"]
[BlackElo "2104"]
[Result "1-0"]
[Round "3"]
[TimeControl "180+2"]
[Date "2023.07.04"]
[WhiteClock "0:00:06"]
[BlackClock "0:00:00"]
[Board "177"]

1. d4 c5 2. e4 cxd4 3. Nf3 d6 4. Qxd4 Nc6 5. Bb5 Bd7 6. Bxc6 Bxc6 7. Nc3 Nf6 8. Bg5 e5 9. Qd3 Be7 10. Bxf6 Bxf6 11. Nd2 O-O 12. Nc4 Be7 13. Ne3 a6 14. h4 b5 15. g3 b4 16. Ncd5 Bb5 17. Qd1 Rc8 18. Nf5 Bf6 19. Nde3 Rc6 20. a4 bxa3 21. Rxa3 g6 22. Nh6+ Kg7 23. h5 Bg5 24. hxg6 fxg6 25. Neg4 Qb6 26. Rf3 Rcc8 27. Rxf8 Rxf8 28. f3 Bd7 29. Qe2 Qxb2 30. Kf2 Qd4+ 31. Kg2 Bb5 32. Qe1 Bxh6 33. Rxh6 Rc8 34. Rxh7+ Kxh7 35. Qh1+ Kg8 36. Nf6+ Kf7 37. Qh7+ Kxf6 38. Qh4+ Kg7 39. Qe7+ Kh6 40. Qh4+ Kg7 41. Qe7+ Kg8 42. Qe6+ Kh7 43. Qh3+ Kg7 44. Qxc8 Qd2+ 45. Kh3 Bf1+ 46. Kg4 Qh6 47. Qd7+ Kg8 48. Qe6+ Kh7 49. Qe7+ Kh8 50. Qf6+ Kh7 51. Qf7+ Qg7 52. Qe8 Be2 53. c3 1-0


[Site "https://www.chess.com"]

[Event "Titled Tuesday Blitz July 4 Late 2023"]
[White "Slovineanu, Viacheslav"]
[Black "Tsukerman, Julia"]
[WhiteFideId "13900510"]
[BlackFideId "2621649"]
[WhiteElo "2361"]
[BlackElo "2086"]
[Result "0-1"]
[Round "3"]
[TimeControl "180+2"]
[Date "2023.07.04"]
[WhiteClock "0:00:07"]
[BlackClock "0:00:03"]
[Board "178"]

1. d4 d5 2. Nf3 Nf6 3. c4 e6 4. e3 Be7 5. b3 O-O 6. Bd3 b6 7. O-O Bb7 8. Bb2 c5 9. Nc3 Nc6 10. Qe2 Rc8 11. Rad1 Qc7 12. cxd5 exd5 13. Rc1 Qb8 14. Na4 Nb4 15. dxc5 bxc5 16. Be5 Qa8 17. Bxf6 Bxf6 18. Nxc5 Bc6 19. Bb5 Bxb5 20. Qxb5 Nxa2 21. Nd7 Nxc1 22. Nxf6+ gxf6 23. Qb4 Qc6 24. Qg4+ Kh8 25. Nd4 Qe8 26. Nf5 Rg8 27. Qh4 Qe5 28. Nh6 Rg7 29. g3 Ne2+ 30. Kg2 Nc3 31. f3 Qxe3 32. Kh3 Qe6+ 33. Kg2 Nb5 34. Rf2 Rd8 35. g4 d4 36. Nf5 Rg6 37. Qg3 d3 38. Rd2 Rf8 39. Qf4 Rfg8 40. h4 h5 41. Kh3 hxg4+ 42. fxg4 Qe5 43. Qf3 Rxg4 44. Qxg4 Rxg4 45. Kxg4 Qe4+ 0-1


[Site "https://www.chess.com"]

[Event "Titled Tuesday Blitz July 4 Late 2023"]
[White "Winkels, Marcel"]
[Black "Zhou, Qiyu"]
[WhiteFideId "1003887"]
[BlackFideId "505161"]
[WhiteElo "2078"]
[BlackElo "2355"]
[Result "0-1"]
[Round "3"]
[TimeControl "180+2"]
[Date "2023.07.04"]
[WhiteClock "0:00:00"]
[BlackClock "0:00:10"]
[Board "179"]

1. e4 e5 2. Nf3 Nc6 3. Bb5 a6 4. Bxc6 dxc6 5. O-O Bg4 6. d3 Qf6 7. Nbd2 Bd6 8. b3 h5 9. Nc4 O-O-O 10. Bb2 Ne7 11. Bxe5 Bxe5 12. Ncxe5 Ng6 13. Nxg6 Qxg6 14. Kh1 h4 15. h3 Be6 16. Qd2 f6 17. Qf4 Qh5 18. Rad1 Rdf8 19. c4 g5 20. Qh2 g4 21. hxg4 Qxg4 22. Ng1 Rh7 23. Nh3 Bd7 24. f3 Qg7 25. f4 Bg4 26. Rde1 Rd8 27. Re3 Qd7 28. Qg1 Qd4 29. Qf2 Qc3 30. Qe1 Qd4 31. e5 f5 32. e6 Re7 33. Ng5 Qf6 34. Qa1 Qd4 35. Qxd4 Rxd4 36. Rfe1 Rxf4 37. Nf7 Rf2 38. Nh6 Rxa2 39. Re5 h3 40. gxh3 Bf3+ 41. Kg1 Rg7+ 42. Kf1 Bg2+ 43. Kg1 Bxh3+ 44. Kh1 Bg2+ 45. Kg1 Be4+ 46. Kf1 Bxd3+ 47. R1e2 Bxe2+ 48. Rxe2 Rxe2 49. Kxe2 Kd8 50. Nxf5 Rg5 51. Nd4 c5 52. Nf3 Rg2+ 53. Ke3 Rb2 54. Ke4 Ke7 55. Ke5 Re2+ 56. Kf4 Rxe6 57. Ng5 Rb6 0-1


[Site "https://www.chess.com"]

[Event "Titled Tuesday Blitz July 4 Late 2023"]
[White "Svicevic, Rastko"]
[Black "Horokoskii"]
[WhiteFideId "916315"]
[WhiteElo "2353"]
[BlackElo "2074"]
[Result "1-0"]
[Round "3"]
[TimeControl "180+2"]
[Date "2023.07.04"]
[WhiteClock "0:00:47"]
[BlackClock "0:00:15"]
[Board "180"]

1. e4 e6 2. d4 d5 3. exd5 exd5 4. Nf3 Bd6 5. c4 dxc4 6. Bxc4 Ne7 7. h3 O-O 8. O-O Nbc6 9. Nc3 Bf5 10. Re1 Na5 11. Bf1 Re8 12. Bg5 f6 13. Bh4 Ng6 14. Bg3 Bxg3 15. fxg3 Nc6 16. Qb3+ Kh8 17. Qxb7 Rxe1 18. Rxe1 Nxd4 19. Kh2 Nxf3+ 20. gxf3 Rb8 21. Rd1 Qe8 22. Qxc7 Rxb2+ 23. Bg2 Rb8 24. Qxa7 Ne5 25. f4 Nc4 26. Re1 Qf8 27. Nd5 Re8 28. Ne7 Bc8 29. Qc7 Ba6 30. Qc6 g6 31. Nxg6+ hxg6 32. Rxe8 1-0


[Site "https://www.chess.com"]

[Event "Titled Tuesday Blitz July 4 Late 2023"]
[White "Tqebuchava, Zurab"]
[Black "Bazilius, Augustinas"]
[WhiteFideId "13601113"]
[BlackFideId "12832251"]
[WhiteElo "2069"]
[BlackElo "2351"]
[Result "0-1"]
[Round "3"]
[TimeControl "180+2"]
[Date "2023.07.04"]
[WhiteClock "0:00:00"]
[BlackClock "0:00:06"]
[Board "181"]

1. e4 c5 2. Nf3 Nc6 3. Bb5 g6 4. O-O Bg7 5. Bxc6 bxc6 6. Re1 e5 7. d3 d6 8. h3 Ne7 9. Nc3 O-O 10. Rf1 d5 11. Nh2 f5 12. f4 fxe4 13. dxe4 exf4 14. Bxf4 Ba6 15. Rf3 Bxc3 16. bxc3 dxe4 17. Qxd8 Raxd8 18. Rf2 Nd5 19. Bh6 Rxf2 20. Kxf2 Nxc3 21. Ng4 Nd5 22. Rd1 Kf7 23. Ne5+ Ke6 24. Nxc6 Rc8 25. Rxd5 Rxc6 26. Rd8 Rc7 27. Re8+ Kd5 28. Ke3 Bb7 29. Rxe4 Rf7 30. Rf4 Re7+ 31. Kd2 Ba6 32. Rf2 Bc4 33. a3 Kc6 34. Be3 Bd5 35. Rf6+ Kb5 36. Rf2 Rd7 37. Kc3 Be4 38. g3 Re7 39. Bf4 Bd5 40. Rd2 Kc6 41. h4 Re1 42. Rf2 Ra1 43. Kb2 Ra2+ 44. Kc1 Rxa3 45. Bd2 Rxg3 46. Rf6+ Kb5 47. Rd6 Bc4 48. Rd7 a5 49. Rb7+ Ka6 50. Rc7 Kb6 51. Rc8 a4 52. Rb8+ Kc6 53. Rc8+ Kd5 54. Rd8+ Kc6 55. Rc8+ Kb6 56. Rb8+ Kc7 57. Ra8 Bb5 58. Ra5 Kb6 59. Ra8 a3 60. Rb8+ Kc6 61. Rc8+ Kb7 62. Rxc5 Rg1+ 0-1


[Site "https://www.chess.com"]

[Event "Titled Tuesday Blitz July 4 Late 2023"]
[White "Semenova, Alina"]
[Black "Todorovic, Bojan"]
[WhiteFideId "24113875"]
[BlackFideId "917087"]
[WhiteElo "2062"]
[BlackElo "2350"]
[Result "0-1"]
[Round "3"]
[TimeControl "180+2"]
[Date "2023.07.04"]
[WhiteClock "0:00:00"]
[BlackClock "0:00:49"]
[Board "182"]

1. e4 g6 2. d4 Bg7 3. Nc3 d6 4. Be3 a6 5. Qd2 Nd7 6. O-O-O b5 7. f4 Bb7 8. Nf3 b4 9. Ne2 Bxe4 10. Ng5 Bd5 11. Kb1 a5 12. Rg1 Ngf6 13. Ng3 O-O 14. h4 c5 15. h5 c4 16. hxg6 fxg6 17. Rh1 e6 18. Qe1 c3 19. Bc1 Re8 20. b3 a4 21. Bd3 Nf8 22. Qf2 axb3 23. cxb3 Qa5 24. Rhe1 Bxb3 25. Re2 c2+ 26. Rxc2 Bxc2+ 27. Qxc2 b3 28. Qb2 Nd5 0-1


[Site "https://www.chess.com"]

[Event "Titled Tuesday Blitz July 4 Late 2023"]
[White "Seletsky, Grigory"]
[Black "Govender, Kaedan"]
[WhiteFideId "14112191"]
[BlackFideId "14322072"]
[WhiteElo "2348"]
[BlackElo "2048"]
[Result "1-0"]
[Round "3"]
[TimeControl "180+2"]
[Date "2023.07.04"]
[WhiteClock "0:02:48"]
[BlackClock "0:02:29"]
[Board "184"]

1. e4 c5 2. Nc3 d6 3. Bc4 Nc6 4. d3 Nf6 5. a3 g6 6. f4 Bg7 7. Nf3 Qc7 8. O-O O-O 9. Qe1 Nd7 10. Qh4 Nb6 11. Ba2 Be6 12. Bxe6 fxe6 13. Ng5 h6 14. Nxe6 1-0


[Site "https://www.chess.com"]

[Event "Titled Tuesday Blitz July 4 Late 2023"]
[White "Phillips, Rene"]
[Black "Djabri, Massinas"]
[WhiteFideId "2056275"]
[BlackFideId "7905726"]
[WhiteElo "2024"]
[BlackElo "2347"]
[Result "0-1"]
[Round "3"]
[TimeControl "180+2"]
[Date "2023.07.04"]
[WhiteClock "0:01:32"]
[BlackClock "0:01:08"]
[Board "185"]

1. d4 Nf6 2. Bf4 d5 3. e3 c5 4. c3 Nc6 5. Nd2 cxd4 6. exd4 Bf5 7. Qb3 Qb6 8. Ngf3 Qxb3 9. axb3 e6 10. b4 Nh5 11. Bc7 Rc8 12. Bg3 Nxg3 13. hxg3 a6 14. b5 axb5 15. Bxb5 Bd6 16. Ra7 O-O 17. Rxb7 Na5 18. Ra7 Ra8 19. Rxa8 Rxa8 20. Ke2 Rb8 21. Bd3 Bxd3+ 22. Kxd3 Rxb2 23. Ra1 Bc7 24. Ne5 Rxd2+ 0-1


[Site "https://www.chess.com"]

[Event "Titled Tuesday Blitz July 4 Late 2023"]
[White "Eggleston, Thomas A"]
[Black "ilya2700"]
[WhiteFideId "412139"]
[WhiteElo "2345"]
[BlackElo "2022"]
[Result "1-0"]
[Round "3"]
[TimeControl "180+2"]
[Date "2023.07.04"]
[WhiteClock "0:00:08"]
[BlackClock "0:00:00"]
[Board "186"]

1. e4 c5 2. Nf3 e6 3. g3 Nc6 4. Bg2 d5 5. e5 Nge7 6. O-O g6 7. d3 Bg7 8. Re1 O-O 9. h4 h5 10. Qe2 b6 11. c4 Bb7 12. Nc3 Nf5 13. cxd5 exd5 14. Bg5 Qc8 15. Nxd5 Qd7 16. Nf6+ Bxf6 17. Bxf6 Rae8 18. Rad1 Qd5 19. Qe4 Qxa2 20. Qf4 Qe6 21. Ng5 Qd7 22. Be4 Ncd4 23. Bxb7 Qxb7 24. Ne4 Re6 25. Rd2 a5 26. Re3 a4 27. f3 Rxf6 28. Nxf6+ Kg7 29. Re4 Ne6 30. Nxh5+ Kh7 31. Qg4 Qa6 32. Nf6+ Kg7 33. h5 Rh8 34. hxg6 fxg6 35. f4 Qa5 36. Rh2 Rxh2 37. Kxh2 Qd2+ 38. Qe2 Qb4 39. g4 Nfd4 40. Qg2 Qb3 41. f5 Ng5 42. Re3 a3 43. e6 a2 44. e7 a1=Q 45. e8=Q 1-0


[Site "https://www.chess.com"]

[Event "Titled Tuesday Blitz July 4 Late 2023"]
[White "Zherebtsova, Alexandra"]
[Black "Porat, Tori"]
[WhiteFideId "24129518"]
[BlackFideId "30982626"]
[WhiteElo "2338"]
[BlackElo "1998"]
[Result "1-0"]
[Round "3"]
[TimeControl "180+2"]
[Date "2023.07.04"]
[WhiteClock "0:00:08"]
[BlackClock "0:00:03"]
[Board "187"]

1. d4 d5 2. Nf3 Nf6 3. c4 c6 4. Nbd2 Bf5 5. Nh4 Bg6 6. Qb3 Qc7 7. g3 e6 8. Nxg6 hxg6 9. Bg2 Nbd7 10. Nf3 Ne4 11. O-O Ndf6 12. Ne5 Bd6 13. f3 Ng5 14. Bxg5 Bxe5 15. dxe5 Nd7 16. cxd5 exd5 17. Bf4 Nc5 18. Qc3 Ne6 19. Be3 g5 20. Rfd1 Rh5 21. b4 a6 22. a4 Kd7 23. b5 Rah8 24. h3 f6 25. bxc6+ bxc6 26. f4 gxf4 27. gxf4 fxe5 28. fxe5 Ng5 29. Bxg5 Rxg5 30. Kh1 Rh6 31. e4 Ke8 32. exd5 Qd7 33. Qxc6 Rxc6 34. dxc6 Qc7 35. Rd7 Qxe5 36. Rad1 Qe2 37. R7d2 Qe5 38. Rd8+ Ke7 39. R8d7+ Ke8 40. c7 Qg3 41. c8=Q# 1-0


[Site "https://www.chess.com"]

[Event "Titled Tuesday Blitz July 4 Late 2023"]
[White "Lutz, Igor Oscar"]
[Black "The_Straightforward_Rook"]
[WhiteFideId "2110806"]
[WhiteElo "1974"]
[BlackElo "2327"]
[Result "1/2-1/2"]
[Round "3"]
[TimeControl "180+2"]
[Date "2023.07.04"]
[WhiteClock "0:00:20"]
[BlackClock "0:01:30"]
[Board "188"]

1. d4 d5 2. c4 e6 3. Nf3 Nf6 4. g3 dxc4 5. Qa4+ Bd7 6. Qxc4 Bc6 7. Bg2 Be7 8. O-O O-O 9. Nbd2 Nbd7 10. Qc2 a5 11. e4 a4 12. e5 Nd5 13. Ne4 h6 14. a3 Re8 15. Bd2 Nf8 16. h4 Nb6 17. Be3 Bd5 18. Nh2 Nc4 19. Bxh6 gxh6 20. Qc1 Ng6 21. Qxh6 Bf8 22. Qh5 Bg7 23. Ng4 Bxe4 24. Bxe4 Nd2 25. Bxg6 fxg6 26. Qxg6 Re7 27. Nf6+ Kf8 28. Nh7+ Kg8 29. Nf6+ Kf8 30. Nh7+ Kg8 31. Nf6+ 1/2-1/2


[Site "https://www.chess.com"]

[Event "Titled Tuesday Blitz July 4 Late 2023"]
[White "kripri"]
[Black "Sainz Aguirre, Ignacio"]
[BlackFideId "5101727"]
[WhiteElo "2319"]
[BlackElo "1945"]
[Result "1-0"]
[Round "3"]
[TimeControl "180+2"]
[Date "2023.07.04"]
[WhiteClock "0:01:02"]
[BlackClock "0:00:00"]
[Board "189"]

1. e4 e6 2. d4 d5 3. Nd2 c5 4. exd5 Qxd5 5. Ngf3 cxd4 6. Bc4 Qd6 7. O-O Nf6 8. Nb3 Nc6 9. Nbxd4 Nxd4 10. Nxd4 Bd7 11. Re1 Qc7 12. Bb3 O-O-O 13. c3 Bd6 14. h3 e5 15. Nc2 Kb8 16. Qe2 Ka8 17. Bg5 h5 18. Ne3 Be6 19. Bxe6 fxe6 20. Nc4 e4 21. Rad1 Bh2+ 22. Kh1 Bf4 23. Bxf6 gxf6 24. Qxe4 e5 25. Ne3 Qb6 26. b3 Kb8 27. c4 a5 28. Nd5 Qxf2 29. Re2 Qg3 30. Kg1 Qh2+ 31. Kf2 Rhg8 32. Rg1 f5 33. Qxf5 Qg3+ 34. Kf1 Rxd5 35. cxd5 Qc3 36. Qc2 1-0


[Site "https://www.chess.com"]

[Event "Titled Tuesday Blitz July 4 Late 2023"]
[White "Rodriguez Santiago, Jaime"]
[Black "Burke, Paul"]
[WhiteFideId "3100898"]
[BlackFideId "2605767"]
[WhiteElo "2312"]
[BlackElo "1928"]
[Result "1-0"]
[Round "3"]
[TimeControl "180+2"]
[Date "2023.07.04"]
[WhiteClock "0:00:58"]
[BlackClock "0:00:26"]
[Board "190"]

1. c4 a6 2. Nc3 d6 3. g3 g6 4. Bg2 h6 5. e4 Bg7 6. d3 Nd7 7. Nge2 e5 8. Be3 Ne7 9. O-O O-O 10. f4 f5 11. Qd2 Kh7 12. Rf2 Nf6 13. h3 exf4 14. Nxf4 g5 15. Nfd5 Nfxd5 16. Nxd5 Nxd5 17. cxd5 Kh8 18. Rc1 Qe7 19. Rcf1 fxe4 20. Rxf8+ Bxf8 21. dxe4 Bd7 22. Qc3+ Bg7 23. Qxc7 Rc8 24. Qxb7 Rc2 25. Rf2 Rxf2 26. Bxf2 Be5 27. Qxa6 Qe8 28. Qe2 Bb5 29. Qd2 Qa8 30. b3 Qa6 31. a4 Bd3 32. h4 Bf6 33. Be3 gxh4 34. gxh4 Bxh4 35. Bd4+ Kh7 36. Qf4 1-0


[Site "https://www.chess.com"]

[Event "Titled Tuesday Blitz July 4 Late 2023"]
[White "Keymer, Vincent"]
[Black "Carlsen, Magnus"]
[WhiteFideId "12940690"]
[BlackFideId "1503014"]
[WhiteElo "2945"]
[BlackElo "3253"]
[Result "0-1"]
[Round "4"]
[TimeControl "180+2"]
[Date "2023.07.04"]
[WhiteClock "0:00:13"]
[BlackClock "0:01:12"]
[Board "1"]

1. Nf3 a6 2. d4 d5 3. Bf4 Bf5 4. e3 e6 5. c4 Bd6 6. Bg3 Nf6 7. Nc3 c6 8. Qb3 Bxg3 9. hxg3 Qc7 10. Rc1 Nbd7 11. cxd5 cxd5 12. Be2 O-O 13. O-O Rfc8 14. Nh4 Bg4 15. Bd3 g6 16. Rc2 Qd6 17. Rfc1 Kg7 18. Nf3 Rc7 19. e4 Rxc3 20. bxc3 dxe4 21. Bxe4 Nxe4 22. Qxb7 Qd5 23. Qxd5 exd5 24. c4 dxc4 25. Rxc4 Ndf6 26. Ne5 Be6 27. Ra4 h5 28. Rd1 Nc3 0-1


[Site "https://www.chess.com"]

[Event "Titled Tuesday Blitz July 4 Late 2023"]
[White "Ibrahimli, Murad"]
[Black "Nihal Sarin"]
[WhiteFideId "13410229"]
[BlackFideId "25092340"]
[WhiteElo "2921"]
[BlackElo "3129"]
[Result "1/2-1/2"]
[Round "4"]
[TimeControl "180+2"]
[Date "2023.07.04"]
[WhiteClock "0:00:11"]
[BlackClock "0:00:08"]
[Board "2"]

1. d4 Nf6 2. c4 g6 3. Nc3 d5 4. Nf3 Bg7 5. cxd5 Nxd5 6. Bg5 Nxc3 7. bxc3 c5 8. e3 O-O 9. Be2 cxd4 10. cxd4 Qa5+ 11. Qd2 Qxd2+ 12. Nxd2 Nc6 13. O-O h6 14. Bh4 Bd7 15. Rab1 g5 16. Bg3 b6 17. Rfc1 Na5 18. Rc7 Rfd8 19. Ba6 Kf8 20. h4 Bc8 21. Bb5 Be6 22. hxg5 hxg5 23. a4 Rdc8 24. Rbc1 Rxc7 25. Rxc7 a6 26. Be2 Bd5 27. Rc2 Nb3 28. Nxb3 Bxb3 29. Rb2 Bxa4 30. Rxb6 Bb5 31. Bxb5 axb5 32. Rxb5 Ra1+ 33. Kh2 Bf6 34. Kh3 Kg7 35. Kg4 Kg6 36. Kf3 Ra3 37. Rb6 e6 38. d5 Kf5 39. dxe6 fxe6 40. Rb5+ e5 41. Ke2 g4 42. Rb2 Ke4 43. Rb4+ Kf5 44. e4+ Kg6 45. Rb6 Ra2+ 46. Ke1 Kf7 47. Rb7+ Kg6 48. Rb6 Ra4 49. f3 gxf3 50. gxf3 Kf7 51. Rb5 Ke6 52. Kf2 Ra2+ 53. Kg1 Rc2 54. Rb6+ Kf7 55. Bf2 Bg5 56. Rb7+ Ke6 57. Rb6+ Kf7 58. Rb5 Bf4 59. Rc5 Ra2 60. Rc3 Kg6 61. Kg2 Kg5 62. Rd3 Rc2 63. Kf1 Rc1+ 64. Kg2 Rc2 65. Ra3 Rb2 66. Kg1 Rb1+ 67. Kg2 Rb2 68. Rc3 Ra2 69. Rd3 Kg6 70. Kf1 Ra1+ 71. Kg2 Ra2 72. Kg1 Ra1+ 73. Kg2 Ra2 1/2-1/2


[Site "https://www.chess.com"]

[Event "Titled Tuesday Blitz July 4 Late 2023"]
[White "Durarbayli, Vasif"]
[Black "Caruana, Fabiano"]
[WhiteFideId "13402935"]
[BlackFideId "2020009"]
[WhiteElo "2917"]
[BlackElo "3100"]
[Result "0-1"]
[Round "4"]
[TimeControl "180+2"]
[Date "2023.07.04"]
[WhiteClock "0:00:00"]
[BlackClock "0:00:10"]
[Board "3"]

1. e4 e5 2. Nc3 Nc6 3. f4 exf4 4. d4 Qh4+ 5. Ke2 d6 6. Nf3 Bg4 7. Bxf4 O-O-O 8. Ke3 Qh5 9. Bb5 g5 10. Bg3 f5 11. exf5 Nh6 12. Bxc6 bxc6 13. Qd3 Bg7 14. Qa6+ Kd7 15. d5 Nxf5+ 16. Kf2 Nd4 17. dxc6+ Nxc6 18. Rad1 Bxf3 19. gxf3 Bd4+ 20. Rxd4 Nxd4 21. Qa4+ Nc6 22. Ne4 Rhf8 23. Nc5+ dxc5 24. Rd1+ Ke7 25. Re1+ Kf7 26. Qxc6 Kg8 27. Re7 Qg6 28. Qxg6+ hxg6 29. Bxc7 Rd2+ 30. Ke3 Rxc2 31. Be5 Rf5 32. Bc3 Rxh2 33. Rxa7 Rh3 34. Rg7+ Kf8 35. Rxg6 Rhxf3+ 36. Ke4 R3f4+ 37. Ke3 Kf7 38. Rg7+ Ke6 39. Kd3 c4+ 40. Ke2 g4 41. Bd2 Rf2+ 42. Ke3 R5f3+ 43. Ke4 Re2+ 0-1


[Site "https://www.chess.com"]

[Event "Titled Tuesday Blitz July 4 Late 2023"]
[White "Mamedov, Rauf"]
[Black "Zhigalko, Sergei"]
[WhiteFideId "13401653"]
[BlackFideId "13502956"]
[WhiteElo "3050"]
[BlackElo "2892"]
[Result "1-0"]
[Round "4"]
[TimeControl "180+2"]
[Date "2023.07.04"]
[WhiteClock "0:00:39"]
[BlackClock "0:00:12"]
[Board "4"]

1. e4 c5 2. Nf3 Nc6 3. c3 Nf6 4. e5 Nd5 5. d4 cxd4 6. cxd4 d6 7. Bc4 e6 8. O-O Be7 9. Qe2 O-O 10. Rd1 Na5 11. Bd3 Nb4 12. Nc3 Nxd3 13. Rxd3 b6 14. b4 Nc4 15. d5 Nxe5 16. Nxe5 dxe5 17. dxe6 Qe8 18. Rg3 Bh4 19. Rh3 Bf6 20. Qe4 h6 21. Qxa8 e4 22. Qxe4 Bxe6 23. Re3 Qc8 24. Bb2 Re8 25. Rd1 Bd7 26. Qd3 Rd8 27. Nd5 1-0


[Site "https://www.chess.com"]